AoeStats
← 309444469

Arabian Desert

510040329Analyzed
1v1 RM · 5d ago on Sep 29, 2026· 44m 41s· 2 players
Game mode
Random Map
Map size
Tiny (2 player)
Population
200
Speed
Normal
Resources
Standard
Victory
Conquest
Starting age
Dark Age
Ending age
Imperial Age
RankedLock teamsTeams togetherTeam positionsShared explorationLock speedFull tech treeHidden civsTurbo modeCheats
Victory
Defeat
🇨🇳 Magyars · China
1059
+16
🇺🇸 Vietnamese · United States
1061
-16
309444469
6:51 Loom
9:28 Feudal Age
21:14 Castle Age
20:05 Horse Collar
21:19 Gold Mining
21:37 Scale Barding Armor
21:43 Bloodlines
22:19 Double-Bit Axe
25:00 Heavy Plow
26:54 Gold Shaft Mining
27:21 Husbandry
27:55 Chain Barding Armor
29:16 Bow Saw
35:43 Stone Mining
40:00 Imperial Age
38:12 Wheelbarrow
37:57 Fletching
40:14 Cavalier
41:43 Plate Barding Armor
43:02 Crop Rotation
Tim
5:55 Loom
9:11 Feudal Age
9:54 Double-Bit Axe
14:48 Horse Collar
20:55 Castle Age
22:04 Padded Archer Armor
21:48 Elite Skirmisher
22:21 Fletching
22:43 Bow Saw
23:44 Scale Mail Armor
32:20 Squires
32:37 Chain Mail Armor
36:36 Heavy Plow
36:46 Town Watch
41:06 Bodkin Arrow
45:52 Imperial Age
Connection lost

Rejoining the realm…

Still unreachable

The connection could not be restored.

Session expired

The server has moved on; the page needs a fresh start.